AoeStats
← Mr. Penis

Nomad

509470044Analyzed
4v4 RM · 4d ago on Sep 26, 2026· 25m 35s· 8 players
Game mode
Random Map
Map size
231×231
Population
200
Speed
Normal
Resources
Standard
Victory
Conquest
Starting age
Dark Age
Ending age
Imperial Age
RankedLock teamsTeams togetherTeam positionsShared explorationLock speedFull tech treeHidden civsTurbo modeCheats
Victory
Defeat
🇪🇪 Dravidians · Estonia
1340
+15
🇪🇪 Koreans · Estonia
1279
+17
🇪🇪 Lithuanians · Estonia
1177
+21
🇪🇪 Huns · Estonia
1083
+90
🇬🇧 Maya · United Kingdom
1415
-23
🇷🇺 Jurchens · Russia
1299
-20
🇹🇼 Khitans · Taiwan
1282
-19
🇨🇴 Varangians · Colombia
1226
-17
Mr. Penis
15:00 Feudal Age
19:10 Castle Age
17:13 Horse Collar
17:19 Double-Bit Axe
20:19 Bow Saw
Cookie Monster
5:30 Loom
16:43 Feudal Age
17:02 Man-at-Arms
17:28 Arson
18:06 Fletching
19:14 Wheelbarrow
19:23 Double-Bit Axe
20:17 Fishing Lines
21:08 Padded Archer Armor
21:27 Horse Collar
26:11 Castle Age
小浮兒
4:46 Loom
14:56 Feudal Age
18:45 Castle Age
16:33 Double-Bit Axe
16:32 Domestication
19:18 Gold Mining
21:20 Husbandry
23:14 Scale Barding Armor
24:27 Forging
25:38 Chain Barding Armor
Lishen
5:08 Loom
12:37 Feudal Age
14:49 Double-Bit Axe
20:41 Castle Age
19:37 Gold Mining
20:44 Fletching
21:35 Medium Warships
Ullo
5:49 Loom
16:30 Feudal Age
18:00 Wheelbarrow
17:49 Double-Bit Axe
17:56 Horse Collar
21:40 Castle Age
19:53 Gold Mining
19:59 Stone Mining
19:57 Fishing Lines
22:49 Hand Cart
22:41 Heavy Plow
22:55 Bow Saw
22:43 Gillnets
joptus
4:09 Loom
12:28 Feudal Age
18:14 Castle Age
16:47 Double-Bit Axe
17:48 Gold Mining
18:14 Fletching
19:36 Bodkin Arrow
19:57 Medium Warships
23:33 Padded Archer Armor
Quiet John
11:01 Loom
14:38 Feudal Age
22:04 Castle Age
21:29 Forging
21:25 Scale Barding Armor
26:06 Chain Barding Armor
Senex
5:04 Loom
12:50 Feudal Age
20:13 Castle Age
18:39 Double-Bit Axe
18:42 Horse Collar
21:06 Medium Warships
Connection lost

Rejoining the realm…

Still unreachable

The connection could not be restored.

Session expired

The server has moved on; the page needs a fresh start.